 Dungeon Crawl Stone Soup version 0.22-a0-410-g97be04f (webtiles) character file.

838535 grindst0ne the Slayer (level 27, -8/228 HPs)
             Began as a Mummy Gladiator on May 8, 2018.
             Was an Initiate of Gozag.
             Mangled by Plog the pandemonium lord (20 damage)
             ... on level 15 of a ziggurat on May 11, 2018.
             The game lasted 06:54:20 (99203 turns).

grindst0ne the Slayer (Mummy Gladiator)            Turns: 99203, Time: 06:54:20

Health: -8/228     AC: 56    Str: 26 (28) XL:     27
Magic:  28/37      EV: 22    Int: 12      God:    Gozag
Gold:   4472       SH:  0    Dex: 15 (21) Spells: 23/46 levels left

rFire    + . .     SeeInvis +   D - +9 lajatang (vamp)
rCold    + + .     Gourm    .   (shield currently unavailable)
rNeg     + + +     Faith    .   L - +14 crystal plate armour
rPois    ∞         Spirit   .   R - +2 helmet {SInv}
rElec    +         Reflect  .   Q - +2 cloak {MR+}
rCorr    .         Harm     .   g - +2 pair of gloves {Str+3}
MR       +++++                  V - +2 pair of boots of New Discoveries {+Inv MR+ Stlth-}
Stlth    ..........             B - amulet of the Air {Inacc +Fly rElec EV+5 RMsl}
HPRegen  0.48/turn              f - ring "Tuvezus" {+Fly rF+ rC+ rN+}
MPRegen  0.25/turn              I - ring of Zyfarol {rF+ Dex+7}

@: confused, hasted and slowed, studying 2 skills, silenced, repel missiles
A: no food or potions, fire vulnerability, cold resistance 1, negative energy
resistance 3, torment resistance, unbreathing, in touch with death 2
}: 4/15 runes: barnacled, slimy, silver, gossamer
a: Renounce Religion, Evoke Invisibility, Evoke Flight


You were on level 15 of a ziggurat.
You worshipped Gozag.
Gozag was most pleased with you.
You were not hungry.

You visited 12 branches of the dungeon, and saw 58 of its levels.
You visited the Abyss 1 time.
You visited 1 bazaar.
You visited 1 ziggurat, and saw 15 of its levels.
You also visited: Bailey and Ice Cave.

You collected 41872 gold pieces.
You spent 5417 gold pieces at shops.
You paid 31983 gold pieces to Gozag.

Inventory:

Hand Weapons
 m - a +2 demon whip of flaming
 D - a +9 vampiric lajatang (weapon)
Missiles
 H - 15 throwing nets (quivered)
Armour
 c - a +1 large shield of protection
 g - a +2 pair of gloves of strength (worn)
 L - a +14 crystal plate armour (worn)
 Q - a +2 cloak of magic resistance (worn)
 R - a +2 helmet of see invisible (worn)
 V - the +2 pair of boots of New Discoveries (worn) {+Inv MR+ Stlth-}
   (You found it in an ice cave)

   It affects your resistance to hostile enchantments.
   It lets you turn invisible.
   It makes you less stealthy.
 W - the +0 Maxwell's etheric cage {RegenMP+ *Contam rElec MP+4}
   (You bought it in a shop on level 11 of the Dungeon)

   It insulates you from electricity.
   It affects your magic capacity (+4).
   It causes magical contamination when unequipped.
 Y - the +4 large shield of Going Fast {rN+ Str+2}
   (You took it off Mennas on level 5 of the Depths)

   It affects your strength (+2).
   It protects you from negative energy.
Jewellery
 f - the ring "Tuvezus" (left hand) {+Fly rF+ rC+ rN+}
   (You found it on level 3 of the Crypt)

   [ring of positive energy]

   It protects you from fire.
   It protects you from cold.
   It protects you from negative energy.
   It lets you fly.
 h - the ring "Vocat" {rF+ MR+}
   (You found it on level 3 of the Shoals)

   [ring of protection from magic]

   It protects you from fire.
   It affects your resistance to hostile enchantments.
 l - the ring of Xytipraira {rCorr +Fly rC- Str-3 Slay+5}
   (You found it on level 3 of the Abyss)

   [ring of resist corrosion]

   It affects your strength (-3).
   It affects your accuracy and damage with ranged weapons and melee attacks
   (+5).
   It makes you vulnerable to cold.
   It lets you fly.
 t - the ring "Itrimypp" {rF+ rN+ Slay+2}
   (You bought it in a shop on level 1 of the Shoals)

   [ring of protection from fire]

   It affects your accuracy and damage with ranged weapons and melee attacks
   (+2).
   It protects you from fire.
   It protects you from negative energy.
 u - the ring "Adghamus" {MR+++ Str-2 Dex-4 SInv Stlth+}
   (You found it on level 5 of the Vaults)

   [ring of see invisible]

   It affects your strength (-2).
   It affects your dexterity (-4).
   It affects your resistance to hostile enchantments.
   It lets you see invisible.
   It makes you more stealthy.
 w - the ring of the Shrike {rCorr *Corrode rElec rF+}
   (You found it on level 5 of the Pits of Slime)

   [ring of resist corrosion]

   It protects you from fire.
   It insulates you from electricity.
   It may corrode you when you take damage.
 B - the amulet of the Air (around neck) {Inacc +Fly rElec EV+5 RMsl}
   (You found it on level 3 of the Elven Halls)

   [amulet of inaccuracy]

   It reduces the accuracy of all your attacks.
   It affects your evasion (+5).
   It insulates you from electricity.
   It lets you fly.
   It protects you from missiles.
 I - the ring of Zyfarol (right hand) {rF+ Dex+7}
   (You found it on level 5 of the Vaults)

   [ring of protection from fire]

   It affects your dexterity (+7).
   It protects you from fire.
 U - the amulet "Nyuhom" {Gourm rF+}
   (You found it on level 4 of the Depths)

   [amulet of the gourmand]

   It allows you to eat raw meat even when not hungry.
   It protects you from fire.
 X - the ring "Geidwontol" {Wiz Dex+4 Slay+2}
   (You found it on level 3 of the Depths)

   [ring of wizardry]

   It improves your spell success rate.
   It affects your dexterity (+4).
   It affects your accuracy and damage with ranged weapons and melee attacks
   (+2).
 Z - the ring "Odoylurr" {Wiz rF+ rC- MR+}
   (You acquired it on level 3 of the Depths)

   [ring of wizardry]

   It improves your spell success rate.
   It protects you from fire.
   It makes you vulnerable to cold.
   It affects your resistance to hostile enchantments.
Wands
 a - a wand of digging (20)
 v - a wand of clouds (6)
 x - a wand of disintegration (51)
 y - a wand of iceblast (26)
 E - a wand of scattershot (7)
 M - a wand of paralysis (60)
 P - a wand of enslavement (26)
 S - a wand of acid (22)
Scrolls
 b - 16 scrolls of teleportation
 d - 7 scrolls of magic mapping
 e - 12 scrolls of enchant weapon
 i - 11 scrolls of amnesia
 j - 10 scrolls of fog
 k - 13 scrolls of fear
 o - a scroll of identify
 p - 2 scrolls of summoning
 r - a scroll of torment
 z - 4 scrolls of brand weapon
 C - 8 scrolls of blinking
 G - a scroll of silence
 J - 37 scrolls of remove curse
Books
 q - a manual of Shields
 A - a manual of Earth Magic
Miscellaneous
 n - 2 phantom mirrors
 s - a phial of floods
 F - a lamp of fire
 K - 4 sacks of spiders
 N - a fan of gales (inert)
 O - a lightning rod (4/4)
 T - 2 boxes of beasts


   Skills:
 - Level 21.0 Fighting
 - Level 18.1 Staves
 - Level 1.5 Throwing
 - Level 20.3 Armour
 - Level 20.0 Dodging
 + Level 12.9 Shields
 - Level 10.0 Spellcasting
 - Level 8.0 Hexes
 - Level 11.0 Charms
 - Level 19.6 Necromancy
 - Level 17.2 Translocations
 - Level 3.0 Air Magic
 - Level 10.0 Earth Magic
 - Level 12.0 Evocations


You had 23 spell levels left.
You knew the following spells:

 Your Spells              Type           Power        Failure   Level  Hunger
a - Blink                 Tloc           N/A          1%          2    N/A
b - Song of Slaying       Chrm           ####....     2%          2    N/A
c - Spectral Weapon       Hex/Chrm       ####....     10%         3    N/A
d - Borgnjor's Vile Clut  Necr/Erth      #######...   10%         5    N/A
e - Passwall              Tmut/Erth      ###.......   30%         2    N/A
f - Lesser Beckoning      Tloc           #####.....   1%          3    N/A
g - Swiftness             Chrm/Air       ###.....     14%         2    N/A
h - Animate Dead          Necr           N/A          1%          4    N/A

Dungeon Overview and Level Annotations

Branches:
Dungeon (15/15)            Temple (1/1) D:4            Lair (6/6) D:9
 Shoals (4/4) Lair:2       Spider (4/4) Lair:4        Slime (5/5) Lair:6
    Orc (2/2) D:12            Elf (3/3) Orc:2        Vaults (5/5) D:14
  Crypt (3/3) Vaults:3       Tomb (0/3) Crypt:3      Depths (5/5) D:15
    Zot (5/5) Depths:5

Altars:
Ashenzari
Cheibriados
Dithmenos
Elyvilon
Fedhas
Gozag
Hepliaklqana
Kikubaaqudgha
Makhleb
Nemelex Xobeh
Okawaru
Qazlal
Ru
Sif Muna
Trog
Uskayaw
Vehumet
Wu Jian
Xom
Yredelemnul
Zin
The Shining One
Beogh

Shops:
D:7 =*   D:8 (   D:10 [   D:11 [   Orc:2 ::[(   Elf:3 [[*   Shoals:1 =
Shoals:3 [   Vaults:3 [   Vaults:4 [   Depths:1 :   Depths:2 ==}   Depths:3 [

Portals:
Hell: Depths:1 Depths:2 Depths:3 Depths:4 Depths:5
Abyss: Depths:1 Depths:3 Depths:4
Pandemonium: Depths:1 Depths:3
Trove: D:14 (give dagger of Starshine)

Annotations:
D:3 azzavlup's ghost, amateur DrSk
D:7 exclusion: downstairs
D:14 1 runed door
Lair:4 exclusion: downstairs
Lair:5 exclusion: downstairs
Spider:1 exclusion: downstairs
Spider:3 exclusion: downstairs, Bai Suzhen
Depths:4 exclusion: downstairs


Innate Abilities, Weirdness & Mutations

You do not eat or drink.
Your flesh is vulnerable to fire.
You are immune to poison.
Your flesh is cold resistant. (rC+)
You are immune to negative energy. (rN+++)
You are immune to unholy pain and torment.
You can survive without breathing.
You are strongly in touch with the powers of death.


Message History

You reach into the bag... ...and things crawl out!
The Killer Klown is caught in a web!
The brown very ugly thing is caught in a web!
The golden dragon tears through a web.
The cyclops changes into a merfolk!
The unseen horror completely misses you.
The Killer Klown blinks!
The brown ugly thing basks in the mutagenic energy from its kin and changes!
The shadow dragon closely misses your redback.
The shadow dragon claws your redback! x2
Are you sure you want to stumble around while confused and next to your redback?
You're too confused to move!
The unseen horror completely misses you.
The quicksilver dragon bites your redback!!
Your redback dies!
Your redback's corpse disappears in a puff of smoke!
The Killer Klown blinks!
The Killer Klown struggles to get unstuck from the web.
Plog hits you!!
You die...
Your body crumbles into a pile of gold.

▓.......................
▓▓.......t..............
▓............4.....1...
▓▓..........2u..4w.....
▓▓.....p...DDt.......▓
▓▓........up.&m....▓
▓▓.....DDD&uu§...▓▓
▓▓▓...s§x&pS..▓▓▓
▓▓▓▓▓▓@▓▓▓▓▓▓ ▓▓▓


You could see Akam, Plog, Sitoaled, 3 Killer Klowns, a shadow dragon, 2 golden
dragons, a Tzitzimitl, a brown very ugly thing (webbed), a quicksilver dragon, a
swamp dragon, 3 ugly things, a torpor snail shaped shifter, a merfolk shaped
shifter, 2 apocalypse crabs, a mana viper shaped shifter, a hellion, an unseen
horror shaped shifter (invisible), 2 chaos spawn and a friendly redback.

Vanquished Creatures
  the Royal Jelly (Slime:5)
  5 orbs of fire
  Mara (Vaults:4)
  Mennas (Depths:5)
  A juggernaut (Depths:4)
  8 ancient liches
  3 greater mummies (Zig:10)
  Sojobo (Vaults:2)
  3 curse toes
  Saint Roka (Depths:3)
  A caustic shrike (shapeshifter) (Depths:4)
  The ghost of prestonbroadus the Warrior, a veteran FoNe of Gozag (Slime:5)
  4 Killer Klowns (Zot:5)
  18 golden dragons
  A caustic shrike (Depths:2)
  Nikola (Elf:1)
  2 profane servitors (Zig:9)
  Arachne (Spider:4)
  Jory (Vaults:2)
  6 bone dragons
  2 iron giants (Zig:8)
  3 electric golems (Zot:5)
  A Hell Sentinel (Abyss:3)
  An Ice Fiend (IceCv)
  27 tentacled monstrosities
  6 deep elf blademasters
  6 liches
  25 Orb Guardians (Zot:5)
  8 quicksilver dragons
  7 titans
  Asterion (D:14)
  35 acid blobs
  3 deep elf master archers
  An Executioner (Abyss:3)
  18 death cobs
  5 ancient champions
  13 tentacled starspawn (Abyss:3)
  A pandemonium lord (Zig:7)
  Frances (Elf:1)
  2 thorn hunters
  17 storm dragons
  8 sphinxes
  13 shadow dragons
  Kirke (Spider:1)
  2 revenants
  11 tengu reavers
  12 fire giants
  18 azure jellies
  12 draconian monks
  The ghost of tstbtto the Severer, an adept GrFi of Cheibriados (Shoals:4)
  Ilsuiw (Shoals:3)
  13 frost giants
  5 draconian knights
  14 vault wardens
  13 draconian shifters
  5 deep elf sorcerers
  4 balrugs
  2 iron dragons
  Louise (Depths:1)
  10 ghouls
  A caustic shrike zombie (Crypt:2)
  The ghost of psellion the Impaler, a journeyman FoFi of Okawaru (Lair:6)
  9 draconian scorchers
  3 cacodemons
  3 curse skulls
  5 ghost moths
  3 emperor scorpions
  7 war gargoyles
  7 draconian stormcallers
  8 draconian annihilators
  A warmonger (Zig:7)
  4 deep elf elementalists
  16 ironheart preservers
  A juggernaut skeleton (Depths:4)
  2 ophanim (Abyss:3)
  3 spriggan defenders
  Nessos (D:13)
  17 green draconians
  5 entropy weavers
  26 very ugly things
  7 vampire knights
  12 stone giants
  7 deep elf demonologists
  2 bennus (Zig:10)
  20 black draconians
  2 lorocyprocas (Abyss:3)
  A dire elephant (D:15)
  13 white draconians
  A dire elephant (shapeshifter) (Vaults:3)
  24 red draconians
  8 spark wasps
  11 yellow draconians
  8 deep elf annihilators
  18 purple draconians
  Azrael (D:12)
  17 ettins
  3 eidola
  9 merfolk javelineers
  9 deep elf death magi
  12 death oozes
  9 merfolk impalers
  2 quicksilver dragon zombies
  5 mummy priests
  3 jiangshi (Abyss:3)
  31 great orbs of eyes
  13 deep elf high priests
  16 yaktaur captains
  7 green deaths
  23 fire dragons
  5 crystal guardians
  13 ogre magi
  9 ice dragons
  4 rakshasas
  4 spriggan air magi
  33 vault guards
  18 hydras
  A ghost crab (Zig:12)
  2 merfolk aquamancers (Shoals:3)
  3 merfolk avatars
  6 centaur warriors
  54 two-headed ogres
  An alligator snapping turtle (Shoals:1)
  10 death knights
  A satyr (shapeshifter) (Vaults:5)
  8 deep troll shamans
  3 death scarabs
  6 deep troll earth magi
  A satyr (Shoals:3)
  5 tengu warriors
  2 queen ants (shapeshifter)
  30 thrashing horrors (Abyss:3)
  2 orc high priests
  6 vampire magi
  10 hell hogs (Abyss:3)
  5 storm dragon zombies
  A naga sharpshooter (Depths:3)
  3 sun demons
  28 deep elf knights
  5 spriggan berserkers
  2 fire crabs (shapeshifter)
  A titan skeleton (Abyss:3)
  17 hell knights
  4 sixfirhies
  An iron giant zombie (Crypt:1)
  4 iron trolls
  18 wretched stars (Abyss:3)
  4 shadow wraiths
  17 skeletal warriors
  2 storm dragon skeletons
  A death drake (Abyss:3)
  23 deep trolls
  2 golden dragon zombies (Crypt:3)
  11 sea snakes
  A spatial maelstrom (Abyss:3)
  8 flayed ghosts
  7 unseen horrors
  A ghost moth zombie (Crypt:1)
  73 starcursed masses (Abyss:3)
  11 glowing orange brains
  A shambling mangrove (Zig:12)
  2 obsidian statues
  5 wizards
  2 swamp dragons (Zig:12)
  A tengu zombie (Vaults:3)
  18 deep elf archers
  A golden dragon skeleton (Zig:10)
  92 deep elf magi
  34 wolf spiders
  19 ironbrand convokers
  15 necromancers
  A tengu skeleton (Vaults:3)
  2 wolf spider zombies
  24 orb spiders
  2 salamanders (shapeshifter)
  A shadow dragon skeleton (Abyss:3)
  11 orc knights
  11 harpies
  2 fire giant zombies (Crypt:3)
  3 stone giant zombies
  5 orc sorcerers
  A salamander (D:15)
  9 phantasmal warriors
  An iron dragon zombie (Crypt:3)
  11 fauns
  A frost giant zombie (Crypt:1)
  8 oklob plants
  11 cyclopes
  47 ugly things
  A cyclops (shapeshifter) (Depths:3)
  11 shining eyes
  A moth of wrath (shapeshifter) (Vaults:5)
  10 manticores
  3 fire giant skeletons (Vaults:3)
  An ice statue (IceCv)
  11 elephants
  11 worldbinders (Abyss:3)
  32 moths of wrath
  2 frost giant skeletons
  4 stone giant skeletons
  A rust devil (Abyss:3)
  A guardian serpent (shapeshifter) (Vaults:3)
  A guardian serpent (Lair:6)
  5 water nymphs
  13 black mambas
  A centaur zombie (D:14)
  3 apocalypse crabs
  A black mamba (shapeshifter) (Vaults:1)
  12 vault sentinels
  9 eyes of devastation
  18 smoke demons
  9 merfolk sirens
  Psyche (D:12)
  12 spiny frogs
  2 gargoyles
  A catoblepas zombie (Crypt:1)
  9 orange demons (Abyss:3)
  A kobold demonologist (D:13)
  A hellion (Abyss:3)
  3 komodo dragons
  An elf zombie (Depths:4)
  2 efreet
  3 rime drakes
  5 ice devils (IceCv)
  28 freezing wraiths
  10 demonic crawlers
  A ghost moth simulacrum (Crypt:2)
  49 yaktaurs
  A dire elephant skeleton (Crypt:3)
  3 anaconda simulacra (IceCv)
  A yellow draconian skeleton (Crypt:1)
  A golden dragon simulacrum (IceCv)
  30 merfolk
  14 ancient zymes (Abyss:3)
  7 guardian mummies
  A hydra zombie (Crypt:1)
  A queen bee (shapeshifter) (Elf:1)
  3 red devils (Abyss:3)
  5 polar bears
  37 jumping spiders
  8 trolls
  3 meliai (D:13)
  A queen bee (D:10)
  5 tengu conjurers
  Grinder (D:6)
  A hornet (shapeshifter) (Depths:1)
  A moth of wrath zombie (Crypt:1)
  6 wind drakes
  22 hornets
  2 bog bodies
  30 blink frogs
  Prince Ribbit (D:6)
  5 dream sheep
  124 slime creatures
  30 raiju
  An ettin zombie (Crypt:3)
  18 hippogriffs
  9 snapping turtles
  A frost giant simulacrum (Depths:4)
  A meliai zombie (D:9)
  A hippogriff (shapeshifter) (Vaults:5)
  3 air elementals
  3 centaur simulacra
  13 wraiths
  4 spriggans
  A guardian serpent skeleton (Crypt:1)
  A dire elephant simulacrum (IceCv)
  2 spriggans (shapeshifter)
  4 vampires (Abyss:3)
  An ettin skeleton (Crypt:1)
  4 ushabtiu
  A redback (shapeshifter) (Depths:3)
  A hog (Spider:1)
  13 wyverns
  28 flying skulls
  34 tarantellas
  46 yaks
  A fire dragon skeleton (Crypt:1)
  Eustachio (D:6)
  6 fire elementals
  77 redbacks
  23 water elementals
  10 ynoxinuls (Abyss:3)
  13 golden eyes
  A basilisk (shapeshifter) (Abyss:3)
  7 chaos spawn (Abyss:3)
  A minotaur simulacrum (Crypt:2)
  5 hungry ghosts
  The ghost of azzavlup the Charmwright, an amateur DrSk (D:4)
  5 vampire mosquitoes
  6 neqoxecs (Abyss:3)
  5 basilisks
  2 steam dragons
  5 iron troll simulacra (IceCv)
  A naga (Depths:3)
  7 harpy simulacra (IceCv)
  A soldier ant (shapeshifter) (Vaults:2)
  7 wargs
  2 insubstantial wisps (Abyss:1)
  A two-headed ogre zombie (Crypt:1)
  6 acid dragons
  A monstrous demonspawn zombie (Crypt:2)
  3 floating eyes (shapeshifter)
  2 hydra simulacra (IceCv)
  45 large abominations
  9 porcupines
  21 water moccasins
  5 floating eyes
  A two-headed ogre skeleton (Crypt:1)
  11 hell hounds
  8 eyes of draining
  A hornet zombie (D:11)
  65 orc warriors
  A sky beast (shapeshifter) (D:12)
  7 sky beasts
  34 ogres
  3 manticore skeletons
  6 black bears
  6 necrophages
  8 ice beasts
  A boggart (Vaults:3)
  8 wolves
  2 elf skeletons
  17 crocodiles
  2 snapping turtle skeletons
  30 centaurs
  A hippogriff zombie (Crypt:2)
  17 bullfrogs
  A big kobold (D:7)
  A fire crab zombie (Crypt:2)
  A wyvern zombie (D:9)
  31 small abominations
  10 earth elementals
  2 wyvern skeletons
  4 scorpions
  A polar bear zombie (Crypt:1)
  23 killer bees
  2 human simulacra
  19 wights
  A spriggan skeleton (Crypt:3)
  3 electric eels
  4 howler monkeys
  A bullfrog zombie (D:12)
  11 crimson imps
  6 quasits (Abyss:3)
  3 draconian simulacra (IceCv)
  9 hounds
  3 human zombies (Crypt:1)
  10 jellies
  29 orc wizards
  Terence (D:2)
  10 centaur skeletons
  5 iron imps (Abyss:3)
  22 orc priests
  Crazy Yiuf (D:2)
  Jessica (D:2)
  2 bullfrog skeletons
  2 hell rats (Lair:5)
  An iguana (shapeshifter) (D:9)
  3 iguanas
  2 human skeletons (Crypt:1)
  A spriggan simulacrum (IceCv)
  2 troll simulacra (IceCv)
  12 worker ants
  A lightning spire (Zig:13)
  A polar bear simulacrum (IceCv)
  A killer bee zombie (D:6)
  A wolf simulacrum (IceCv)
  A felid skeleton (Crypt:2)
  2 hound skeletons
  18 mummies
  4 gnolls (D:5)
  2 worker ant zombies
  9 adders
  3 ogre simulacra (IceCv)
  8 river rats (Lair:5)
  11 shadow imps
  14 white imps
  10 ufetubi
  An ooze (D:1)
  3 adder skeletons
  A lava snake skeleton (Crypt:1)
  2 worms (D:2)
  A barachi skeleton (Crypt:1)
  4 dart slugs
  3 leopard geckos
  125 orcs
  2 ball pythons
  2 giant cockroaches
  2 gnoll zombies (D:9)
  10 hobgoblins
  7 jackals
  4 quokkas
  A ball python skeleton (D:5)
  6 bats
  A dart slug zombie (Crypt:2)
  9 frilled lizards
  9 goblins
  17 kobolds
  A kobold zombie (Crypt:3)
  A leopard gecko skeleton (D:4)
  11 rats
  A fungus (Lair:6)
  A lurking horror (Abyss:3)
  4 starspawn tentacles (Abyss:3)
3523 creatures vanquished.

Vanquished Creatures (collateral kills)
  A tentacled monstrosity (Zot:5)
  3 azure jellies
  A demonic crawler (Spider:1)
  A jumping spider (Spider:1)
  A redback (Spider:1)
  5 tarantellas (Spider:1)
  A floating eye (Zig:13)
  A river rat (Lair:5)
14 creatures vanquished.

Vanquished Creatures (others)
  3 death cobs
  An eldritch tentacle (Zig:7)
  A draconian stormcaller (Zot:5)
  A blood saint (Zig:7)
  A deep elf demonologist (Zig:14)
  A lorocyproca (Abyss:3)
  A deep elf annihilator (Elf:3)
  A green death (Zig:7)
  A yaktaur captain (Depths:5)
  3 hydras (Zig:12)
  An alligator (Zig:12)
  38 dancing weapons
  A vampire mage (Depths:3)
  A deep elf knight (Vaults:2)
  A thrashing horror (Abyss:3)
  A spriggan (Zig:12)
  A sun demon (Abyss:3)
  A shadow wraith (Vaults:3)
  A spriggan druid (Zig:12)
  A necromancer (Crypt:1)
  4 deep elf magi
  A shambling mangrove (Zig:12)
  An orb spider (Spider:2)
  A cyclops (D:9)
  A spiny frog (Zig:12)
  A hellion (Zig:7)
  4 hornets (Zig:12)
  2 tyrant leeches (Zig:12)
  A merfolk (Shoals:3)
  A raiju (Abyss:3)
  2 air elementals
  2 yaks (D:9)
  A small abomination (Abyss:3)
  A wraith (Vaults:3)
  A human (Spider:1)
  A chaos spawn (Abyss:3)
  An insubstantial wisp (Zig:12)
  A boggart (Vaults:3)
  3 ogres (D:5)
  A crocodile (Lair:3)
  A wight (D:14)
  An orc wizard (D:5)
  An orc priest (D:9)
  A hound (D:5)
  An iguana (D:5)
  An adder (D:13)
  An ufetubus (Abyss:3)
  4 orcs
  4 briar patches (Abyss:3)
  4 bushes
  26 fungi
  3 lurking horrors (Abyss:3)
  60 plants
  4 spectral weapons
  34 starspawn tentacles (Abyss:3)
238 creatures vanquished.

Grand Total: 3775 creatures vanquished

Notes
Turn   | Place    | Note
-------+----------+-------------------------------------------
     0 | D:1      | grindst0ne the Mummy Gladiator began the quest for the Orb.
     0 | D:1      | Reached XP level 1. HP: 16/16 MP: 1/1
   359 | D:1      | Reached XP level 2. HP: 13/23 MP: 2/2
  1086 | D:2      | Reached XP level 3. HP: 26/28 MP: 3/3
  1121 | D:2      | Found a shadowy altar of Dithmenos.
  1126 | D:2      | Reached skill level 3 in Fighting
  1175 | D:2      | Noticed Terence
  1184 | D:2      | Killed Terence
  1377 | D:2      | Reached XP level 4. HP: 35/35 MP: 4/4
  1401 | D:2      | Noticed Jessica
  1442 | D:2      | Killed Jessica
  1560 | D:2      | Found a sparkling altar of Nemelex Xobeh.
  1628 | D:2      | Found a runed door.
  2073 | D:3      | Found a snail-covered altar of Cheibriados.
  2121 | D:3      | Found a shattered altar of Ashenzari.
  2135 | D:3      | Reached XP level 5. HP: 42/42 MP: 5/5
  2138 | D:3      | Reached skill level 4 in Fighting
  2545 | D:3      | Noticed azzavlup's ghost (amateur DrSk)
  2620 | D:4      | Noticed azzavlup's ghost (amateur DrSk)
  2971 | D:2      | Noticed Crazy Yiuf
  2976 | D:2      | Killed Crazy Yiuf
  3117 | D:4      | Reached XP level 6. HP: 48/49 MP: 6/6
  3275 | D:4      | Killed azzavlup's ghost
  3275 | D:4      | Reached skill level 5 in Fighting
  3285 | D:4      | Found a staircase to the Ecumenical Temple.
  3300 | Temple   | Entered the Ecumenical Temple
  3757 | D:5      | Entered Level 5 of the Dungeon
  3809 | D:5      | Noticed an ice beast
  3837 | D:5      | Killed an ice beast
  3837 | D:5      | Reached skill level 5 in Staves
  3837 | D:5      | Reached XP level 7. HP: 53/57 MP: 7/7
  3911 | D:5      | Reached skill level 6 in Fighting
  4172 | D:5      | Found a glowing silver altar of Zin.
  4197 | D:5      | Reached skill level 1 in Evocations
  4285 | D:5      | Found a shimmering altar of Xom.
  4502 | D:6      | Found a stormy altar of Qazlal.
  4504 | D:6      | Noticed a water elemental
  4505 | D:6      | Noticed a fire elemental
  4505 | D:6      | Noticed an air elemental
  4523 | D:6      | Reached XP level 8. HP: 63/65 MP: 9/9
  4699 | D:6      | Noticed Prince Ribbit
  4730 | D:6      | Killed Prince Ribbit
  4730 | D:6      | Reached skill level 7 in Fighting
  5087 | D:6      | Noticed Eustachio
  5123 | D:6      | Killed Eustachio
  5769 | D:6      | Noticed Grinder
  5783 | D:6      | Killed Grinder
  5835 | D:7      | Found a radiant altar of Vehumet.
  5881 | D:7      | Found Vibop's Jewellery Emporium.
  5910 | D:7      | Reached XP level 9. HP: 74/74 MP: 11/11
  5964 | D:7      | Reached skill level 8 in Fighting
  6118 | D:7      | Found Gozag's Platinum Reserve.
  6120 | D:7      | Found an opulent altar of Gozag.
  6139 | D:7      | Became a worshipper of Gozag Ym Sagoz the Greedy
  6529 | D:7      | Bought the cursed ring "Axzuut" {rPois rN+ MR++ EV-2 Str+2} for 318 gold pieces
  6622 | D:8      | Noticed a two-headed ogre
  6633 | D:8      | Killed a two-headed ogre
  6633 | D:8      | Reached skill level 9 in Fighting
  6633 | D:8      | Reached skill level 5 in Evocations
  6722 | D:8      | Found an iron altar of Okawaru.
  6757 | D:7      | Reached XP level 10. HP: 76/83 MP: 14/14
  6782 | D:8      | Noticed a two-headed ogre
  6788 | D:8      | Killed a two-headed ogre
  7053 | D:8      | Found Goc Ut Timm's Weapon Emporium.
  7246 | D:8      | Found a glowing golden altar of the Shining One.
  7246 | D:8      | Found a burning altar of Makhleb.
  7526 | D:9      | Noticed a two-headed ogre
  7530 | D:9      | Killed a two-headed ogre
  7530 | D:9      | Reached skill level 10 in Fighting
  7741 | D:9      | Noticed a two-headed ogre
  7781 | D:9      | Killed a two-headed ogre
  8041 | D:9      | Found a radiant altar of Vehumet.
  8053 | D:9      | Noticed a two-headed ogre
  8065 | D:9      | Killed a two-headed ogre
  8108 | D:9      | Noticed a deep elf mage
  8304 | D:9      | Reached skill level 11 in Fighting
  8304 | D:9      | Reached XP level 11. HP: 55/93 MP: 15/15
  8682 | D:9      | Noticed a two-headed ogre
  8692 | D:9      | Killed a two-headed ogre
  8765 | D:9      | Got a distressingly furry chain mail
  8776 | D:9      | Identified the cursed +1 chain mail of Catatonia {*Contam +Fly rC++} (You took it off an orc warrior on level 9 of the Dungeon)
  8972 | D:9      | Noticed a sea snake
  8972 | D:9      | a deep elf mage changed into a sea snake
  8983 | D:9      | a sea snake changed into an elephant
  8996 | D:9      | Reached skill level 10 in Staves
  9230 | D:9      | Got a translucent bronze ring
  9233 | D:9      | Got a polished war axe {venom}
  9234 | D:9      | Identified the +8 war axe "Hellblazer" {venom, rF+} (You took it off a crimson imp on level 9 of the Dungeon)
  9238 | D:9      | Identified the ring of Immorality {rN+ MP+9} (You took it off a crimson imp on level 9 of the Dungeon)
  9308 | D:9      | Found a basalt altar of Yredelemnul.
  9507 | D:9      | Found a staircase to the Lair.
  9778 | D:9      | Noticed an eight-headed hydra
  9793 | D:9      | Killed an eight-headed hydra
 10167 | D:10     | Entered Level 10 of the Dungeon
 10213 | D:10     | Reached skill level 1 in Armour
 10230 | D:10     | Noticed a tengu warrior
 10529 | Lair:1   | Entered Level 1 of the Lair of Beasts
 10541 | Lair:1   | Reached skill level 12 in Fighting
 10875 | Lair:1   | Noticed a seven-headed hydra
 10878 | Lair:1   | Killed a seven-headed hydra
 11518 | Lair:1   | Noticed a four-headed hydra
 11522 | Lair:1   | Killed a four-headed hydra
 11967 | Lair:2   | Found a staircase to the Shoals.
 11990 | Lair:2   | Reached XP level 12. HP: 71/102 MP: 16/16
 12332 | Lair:2   | Noticed a five-headed hydra
 12338 | Lair:2   | Killed a five-headed hydra
 12686 | Lair:2   | Noticed a six-headed hydra
 12806 | Lair:2   | Reached skill level 5 in Armour
 13667 | Lair:3   | HP: 5/102 [black mamba (9)]
 14630 | Lair:4   | Found a hole to the Spider Nest.
 16318 | Lair:4   | Gained mutation: You are in touch with the powers of death. [Mummy growth]
 16318 | Lair:4   | Reached XP level 13. HP: 32/108 MP: 17/17
 18015 | Lair:5   | Found an iron altar of Okawaru.
 18472 | Lair:6   | Entered Level 6 of the Lair of Beasts
 19284 | Lair:6   | Found a radiant altar of Vehumet.
 19311 | Lair:6   | Noticed psellion's ghost (journeyman FoFi)
 21377 | Lair:6   | Found a staircase to the Slime Pits.
 21648 | Lair:6   | Reached skill level 10 in Armour
 21961 | Lair:6   | Reached XP level 14. HP: 115/115 MP: 18/18
 23514 | D:10     | Found Kuehioqu's Antique Armour Emporium.
 23645 | D:10     | Identified a scroll of acquirement
 23857 | D:10     | Found a huge runed gate.
 23859 | D:10     | Found a huge runed gate.
 23861 | D:10     | Found a huge runed gate.
 23869 | D:10     | Found a huge runed gate.
 24709 | D:11     | Found Puoxtyar's Antique Armour Shop.
 25082 | D:12     | Noticed Psyche
 25088 | D:12     | Killed Psyche
 25667 | D:12     | Noticed Azrael
 25698 | D:12     | Killed Azrael
 25961 | D:12     | Found a staircase to the Orcish Mines.
 26279 | D:13     | Found a flickering gateway to a bazaar.
 26287 | Bazaar   | Entered a bazaar
 26295 | Bazaar   | Found Xeaxtiy's Jewellery Emporium.
 26295 | Bazaar   | Found Zanli's Book Shoppe.
 26664 | D:13     | Found a flagged portal.
 26676 | Bailey   | Entered a bailey
 27808 | D:13     | Got a heavily runed ivory ring
 27809 | D:13     | Identified the cursed ring of Tender Moments {MP+9 Str+5 Int-2 Dex-3 Stlth+} (You found it on level 13 of the Dungeon)
 27844 | D:13     | Found a radiant altar of Vehumet.
 28679 | D:14     | Reached XP level 15. HP: 102/122 MP: 19/19
 28819 | D:13     | Noticed Nessos
 28828 | D:13     | Killed Nessos
 28865 | D:13     | Reached skill level 5 in Dodging
 28926 | D:14     | Found a portal to a secret trove of treasure.
 29111 | D:14     | Found a gate to the Vaults.
 29179 | D:14     | Reached skill level 13 in Fighting
 29390 | D:14     | Got a fine copper amulet
 29392 | D:14     | Identified the amulet "Xiafoy" {Spirit rPois MR+ Int+3 Stlth+} (You acquired it on level 14 of the Dungeon)
 29534 | D:11     | Bought the +0 Maxwell's etheric cage {RegenMP+ *Contam rElec MP+4} for 960 gold pieces
 29534 | D:11     | Found the +0 Maxwell's etheric cage {RegenMP+ *Contam rElec MP+4}
 29944 | D:14     | Found a runed door.
 29952 | D:14     | Found a white marble altar of Elyvilon.
 29952 | D:14     | Noticed a daeva
 30259 | D:15     | Entered Level 15 of the Dungeon
 30900 | D:15     | Found a blossoming altar of Fedhas.
 30980 | D:15     | Found a staircase to the Depths.
 31668 | Orc:1    | Entered Level 1 of the Orcish Mines
 31930 | Orc:2    | Entered Level 2 of the Orcish Mines
 32246 | Orc:2    | Found Qoequzedd's Book Emporium.
 32246 | Orc:2    | Found Garyh's Armour Shop.
 32287 | Orc:2    | Found Kusumal's Weapon Boutique.
 32289 | Orc:2    | Found Ydaqiar's Book Shoppe.
 32294 | Orc:2    | Bought a +2 pair of boots for 264 gold pieces
 32528 | Orc:2    | Found a staircase to the Elven Halls.
 32749 | Orc:1    | Found a roughly hewn altar of Beogh.
 33200 | Spider:1 | Entered Level 1 of the Spider Nest
 33741 | Spider:1 | Reached skill level 14 in Fighting
 33937 | Spider:1 | Noticed Kirke
 33962 | Spider:1 | Killed Kirke
 34032 | Spider:1 | Reached XP level 16. HP: 128/133 MP: 20/20
 35019 | Spider:1 | HP: 5/134 [entropy weaver (4)]
 36112 | Spider:3 | Reached skill level 15 in Fighting
 36359 | Spider:3 | Noticed Bai Suzhen
 37499 | Spider:4 | Entered Level 4 of the Spider Nest
 38426 | Spider:4 | Reached XP level 17. HP: 140/144 MP: 23/23
 38538 | Spider:4 | Reached skill level 16 in Fighting
 38626 | Spider:4 | Noticed Arachne
 38678 | Spider:4 | Killed Arachne
 39498 | Spider:4 | Got a gossamer rune of Zot
 39979 | Shoals:1 | Entered Level 1 of the Shoals
 40002 | Shoals:1 | Bought the ring "Itrimypp" {rF+ rN+ Slay+2} for 713 gold pieces
 40007 | Shoals:1 | Bought the ring "Hiumes" {Str+2 SInv} for 299 gold pieces
 40007 | Shoals:1 | Bought an uncursed ring of protection from fire for 400 gold pieces
 41773 | Shoals:3 | Bought a pair of glowing gloves for 240 gold pieces
 41773 | Shoals:3 | Bought a shiny helmet for 240 gold pieces
 41798 | Shoals:3 | Found a transporter.
 41873 | Shoals:3 | Reached skill level 17 in Fighting
 41893 | Shoals:3 | Reached skill level 15 in Armour
 42158 | Shoals:3 | Found a transporter.
 42417 | Shoals:3 | Got a glittering platinum ring
 42430 | Shoals:3 | Got a crude jade ring
 42431 | Shoals:3 | Identified the ring "Vocat" {rF+ MR+} (You found it on level 3 of the Shoals)
 42432 | Shoals:3 | Identified the ring "Zeguar" {rCorr rN++} (You found it on level 3 of the Shoals)
 42507 | Shoals:4 | Entered Level 4 of the Shoals
 42588 | Shoals:4 | Found a frozen archway.
 42597 | IceCv    | Entered an ice cave
 43568 | IceCv    | Noticed an Ice Fiend
 43612 | IceCv    | Killed an Ice Fiend
 43612 | IceCv    | Reached XP level 18. HP: 43/155 MP: 14/24
 43962 | IceCv    | Got a pair of ancient boots
 43973 | IceCv    | Identified the +2 pair of boots of New Discoveries {+Inv MR+ Stlth-} (You found it in an ice cave)
 45003 | Shoals:4 | Noticed Ilsuiw
 45230 | Shoals:3 | Killed Ilsuiw
 45356 | Shoals:4 | Got a barnacled rune of Zot
 45400 | Shoals:4 | Noticed tstbtto's ghost (adept GrFi)
 45440 | Shoals:4 | Killed tstbtto's ghost
 46227 | Vaults:1 | Entered Level 1 of the Vaults
 46236 | Vaults:1 | Noticed Asterion
 46265 | D:14     | Killed Asterion
 46727 | Vaults:1 | Reached skill level 18 in Fighting
 48152 | Vaults:2 | Reached XP level 19. HP: 164/164 MP: 25/25
 48500 | Vaults:2 | Reached skill level 10 in Dodging
 48565 | Vaults:2 | Noticed Sojobo
 48615 | Vaults:2 | Killed Sojobo
 49196 | Vaults:2 | Noticed Jory
 49214 | Vaults:2 | Killed Jory
 49845 | Vaults:2 | Reached skill level 19 in Fighting
 51024 | Vaults:3 | Reached XP level 20. HP: 157/174 MP: 23/26
 51235 | Vaults:3 | Found Pear's Antique Armour Boutique.
 52256 | Vaults:3 | Found a staircase to the Crypt.
 52643 | Vaults:4 | Bought an embroidered cloak for 307 gold pieces
 52687 | Vaults:4 | Bought a pair of runed boots for 307 gold pieces
 52825 | Vaults:4 | Reached skill level 20 in Fighting
 52956 | Vaults:4 | Noticed Mara
 52959 | Vaults:4 | Noticed grindst0ne's illusion
 52978 | Vaults:4 | Killed Mara
 54160 | Depths:1 | Entered Level 1 of the Depths
 54369 | Depths:1 | Found a gateway to Hell.
 54403 | Depths:1 | Upgraded the game from 0.22-a0-406-g9ff8d77 to 0.22-a0-407-gb098539
 54511 | Depths:1 | Found a one-way gate to the infinite horrors of the Abyss.
 54511 | Depths:1 | Noticed Louise
 54537 | Depths:1 | Killed Louise
 54567 | Depths:1 | Reached XP level 21. HP: 183/183 MP: 27/27
 54880 | Depths:1 | Found a one-way gate leading to the halls of Pandemonium.
 55445 | Depths:2 | Found Zinor's Gadget Shoppe.
 55445 | Depths:2 | Found Cibonlix's Jewellery Boutique.
 55446 | Depths:2 | Found Kaduuguf's Jewellery Boutique.
 55457 | Depths:2 | Bought a box of beasts for 400 gold pieces
 55746 | Depths:2 | Noticed a golden dragon
 55827 | Depths:2 | Killed a golden dragon
 55853 | Depths:2 | Paralysed by a floating eye for 4 turns
 55947 | Depths:2 | Paralysed by a floating eye for 4 turns
 56241 | Depths:2 | Noticed a golden dragon
 56253 | Depths:2 | Killed a golden dragon
 56631 | Depths:3 | Noticed a caustic shrike
 56632 | Depths:3 | Found the +6 lightning scales {run, rElec}
 56649 | Depths:2 | Killed a caustic shrike
 56837 | Depths:3 | Got a scintillating granite ring
 56838 | Depths:3 | Identified the ring "Odoylurr" {Wiz rF+ rC- MR+} (You acquired it on level 3 of the Depths)
 56869 | Depths:3 | Noticed Saint Roka
 56906 | Depths:3 | Killed Saint Roka
 57128 | Depths:3 | Got a flickering turquoise ring
 57140 | Depths:3 | Identified the ring of Sujuprau {Fire Str+4} (You found it on level 3 of the Depths)
 57325 | Depths:3 | Reached XP level 22. HP: 171/190 MP: 28/28
 57442 | Depths:3 | Got a shimmering platinum ring
 57443 | Depths:3 | Identified the ring "Suplesh" {rPois rC+ MP+9 EV+2 Str-2} (You found it on level 3 of the Depths)
 57457 | Depths:3 | Noticed a golden dragon
 57467 | Depths:3 | Killed a golden dragon
 57537 | Depths:3 | Noticed a golden dragon
 57550 | Depths:3 | Killed a golden dragon
 58019 | Depths:3 | Reached skill level 15 in Dodging
 58152 | Depths:3 | Got a vibrating platinum ring
 58153 | Depths:3 | Identified the ring "Geidwontol" {Wiz Dex+4 Slay+2} (You found it on level 3 of the Depths)
 58206 | Depths:3 | Paralysed by a floating eye for 4 turns
 58233 | Depths:3 | Found Qayggogra's Armour Emporium.
 58463 | Depths:4 | Found a transporter.
 59159 | Depths:4 | Noticed a golden dragon
 59161 | Depths:4 | Noticed a juggernaut
 59595 | Depths:4 | Found a transporter.
 59599 | Depths:4 | Found a gateway to a ziggurat.
 60022 | Depths:5 | Entered Level 5 of the Depths
 60022 | Depths:5 | Noticed Mennas
 60281 | Depths:5 | Identified the +7 quarterstaff of Qysac {antimagic, *Drain *Slow Int+9 Dex+5} (You found it on level 5 of the Depths)
 60652 | Depths:5 | Found a gate to the Realm of Zot.
 60732 | Depths:4 | Reached XP level 23. HP: 197/197 MP: 29/29
 61516 | Depths:5 | Killed Mennas
 61519 | Depths:5 | Identified the +4 large shield of Going Fast {rN+ Str+2} (You took it off Mennas on level 5 of the Depths)
 61681 | Depths:4 | Killed a juggernaut
 61683 | Depths:4 | Noticed a caustic shrike
 61683 | Depths:4 | an acid blob changed into a caustic shrike
 61686 | Depths:4 | Killed a caustic shrike
 61775 | Depths:4 | Got a transparent tin amulet
 61784 | Depths:4 | Got a steaming lapis lazuli ring
 61788 | Depths:4 | Identified the amulet "Nyuhom" {Gourm rF+} (You found it on level 4 of the Depths)
 61789 | Depths:4 | Identified the ring "Meplazo Godd" {Wiz rN+ Stlth+} (You found it on level 4 of the Depths)
 61790 | Depths:4 | Identified the cursed +3 quarterstaff of Keockoe {drain, Dex+3} (You found it on level 4 of the Depths)
 61792 | Depths:4 | Identified the +1 cloak of Etyughao {Str+2 Int+3} (You found it on level 4 of the Depths)
 62185 | Elf:1    | Entered Level 1 of the Elven Halls
 62390 | Elf:1    | Noticed Nikola
 62405 | Elf:1    | Killed Nikola
 62970 | Elf:1    | Noticed Frances
 62980 | Elf:1    | Killed Frances
 63020 | Elf:1    | Identified the +7 whip of Dismemberment {slash, *Drain rN+ MR+ Dex+2} (You took it off a deep elf mage on level 1 of the Elven Halls)
 63263 | Elf:2    | Found a runed gate.
 63264 | Elf:2    | Found a runed gate.
 63268 | Elf:2    | Found a runed gate.
 63566 | Elf:2    | Reached skill level 21 in Fighting
 64342 | Elf:3    | Entered Level 3 of the Elven Halls
 64755 | Elf:3    | Reached XP level 24. HP: 208/208 MP: 29/29
 66054 | Elf:3    | Got a clouded ruby amulet
 66082 | Elf:3    | Found the amulet of the Air {Inacc +Fly rElec EV+5 RMsl}
 66126 | Elf:3    | Identified the amulet of Lithumm {RegenMP Slay+2} (You took it off a deep elf mage on level 3 of the Elven Halls)
 66159 | Elf:3    | Identified the Volume of Enchantment and Combat Magic
 66341 | Elf:3    | Bought a sack of spiders for 580 gold pieces
 66768 | Vaults:4 | Bought a dazzling shield for 389 gold pieces
 66768 | Vaults:4 | Identified the +0 shield "Xott" {Int+5} (You bought it in a shop on level 4 of the Vaults)
 66856 | Crypt:1  | Entered Level 1 of the Crypt
 68822 | Crypt:2  | Reached skill level 1 in Translocations
 69451 | Crypt:2  | Found an ancient bone altar of Kikubaaqudgha.
 69551 | Crypt:2  | Learned a level 2 spell: Blink
 69554 | Crypt:2  | Learned a level 2 spell: Song of Slaying
 69802 | Crypt:3  | Entered Level 3 of the Crypt
 69902 | Crypt:3  | Reached skill level 5 in Translocations
 70065 | Crypt:3  | Reached skill level 10 in Evocations
 70261 | Crypt:3  | Reached XP level 25. HP: 194/214 MP: 30/30
 70449 | Crypt:3  | Noticed an ancient lich
 70450 | Crypt:3  | Found a basalt altar of Yredelemnul.
 70466 | Crypt:3  | Killed an ancient lich
 70686 | Crypt:3  | Got a wavering silver ring
 70686 | Crypt:3  | Got a wavering lead ring
 70689 | Crypt:3  | Identified the ring of Qumocetz {rN+ MR+ Dex+2} (You found it on level 3 of the Crypt)
 70690 | Crypt:3  | Identified the ring "Cuus" {rC+ rN+ Int+4} (You found it on level 3 of the Crypt)
 70691 | Crypt:3  | Identified the ring "Tuvezus" {+Fly rF+ rC+ rN+} (You found it on level 3 of the Crypt)
 70893 | Crypt:3  | Identified the Handbook of Unholy Rites
 71098 | Crypt:3  | Found a staircase to the Tomb.
 71122 | Crypt:3  | Identified the ring "Pefast" {Fire rElec Str+3 Dex-2 Stlth+} (You found it on level 3 of the Crypt)
 71359 | Vaults:5 | Entered Level 5 of the Vaults
 71547 | Vaults:4 | Reached skill level 10 in Translocations
 71622 | Vaults:5 | Noticed an ancient lich
 72324 | Vaults:5 | Killed an ancient lich
 72400 | Vaults:5 | Noticed an ancient lich
 72421 | Vaults:5 | Killed an ancient lich
 72590 | Vaults:5 | Gained mutation: You are strongly in touch with the powers of death. [Mummy growth]
 72590 | Vaults:5 | Reached XP level 26. HP: 222/222 MP: 32/32
 73158 | Vaults:5 | Identified the ring "Adghamus" {MR+++ Str-2 Dex-4 SInv Stlth+} (You found it on level 5 of the Vaults)
 73166 | Vaults:5 | Got a clouded marble ring
 73167 | Vaults:5 | Identified the ring of Zyfarol {rF+ Dex+7} (You found it on level 5 of the Vaults)
 73173 | Vaults:5 | Got a silver rune of Zot
 73540 | Zot:1    | Entered Level 1 of the Realm of Zot
 73564 | Zot:1    | Reached skill level 1 in Spellcasting
 73864 | Zot:1    | Reached skill level 5 in Spellcasting
 74059 | Zot:1    | Noticed an orb of fire
 74385 | Zot:1    | Reached skill level 15 in Translocations
 74496 | Zot:1    | Learned a level 3 spell: Spectral Weapon
 74502 | Zot:1    | Learned a level 5 spell: Borgnjor's Vile Clutch
 74505 | Zot:1    | Learned a level 2 spell: Passwall
 74509 | Zot:1    | Learned a level 3 spell: Lesser Beckoning
 74512 | Zot:1    | Learned a level 2 spell: Swiftness
 74744 | Zot:1    | Killed an orb of fire
 74744 | Zot:1    | Reached skill level 10 in Spellcasting
 74912 | Zot:1    | Reached skill level 1 in Hexes
 74912 | Zot:1    | Reached skill level 1 in Charms
 75898 | Zot:1    | Reached skill level 1 in Necromancy
 75968 | Zot:1    | Reached skill level 5 in Charms
 76118 | Zot:2    | Reached XP level 27. HP: 228/228 MP: 37/37
 76134 | Zot:2    | Reached skill level 5 in Necromancy
 77584 | Zot:3    | Reached skill level 10 in Necromancy
 78502 | Zot:4    | Noticed an orb of fire
 78879 | Zot:4    | Killed an orb of fire
 79778 | Zot:4    | Reached skill level 15 in Necromancy
 80200 | Zot:4    | Reached skill level 1 in Air Magic
 82731 | Zot:5    | Entered Level 5 of the Realm of Zot
 82973 | Zot:5    | Reached skill level 15 in Staves
 83643 | Zot:5    | Noticed an ancient lich
 83677 | Zot:5    | Killed an ancient lich
 83703 | Zot:5    | Noticed an ancient lich
 83709 | Zot:5    | Killed an ancient lich
 83768 | Zot:5    | Noticed an ancient lich
 83776 | Zot:5    | Killed an ancient lich
 83825 | Zot:5    | Noticed an ancient lich
 83834 | Zot:5    | Killed an ancient lich
 83861 | Zot:5    | Noticed an orb of fire
 83888 | Zot:5    | Killed an orb of fire
 84170 | Zot:5    | Noticed an orb of fire
 84196 | Zot:5    | Killed an orb of fire
 84208 | Zot:5    | Learned a level 4 spell: Animate Dead
 84631 | Zot:5    | Reached skill level 5 in Hexes
 84848 | Zot:5    | Noticed an ancient lich
 84859 | Zot:5    | Killed an ancient lich
 84963 | Zot:5    | Reached skill level 10 in Charms
 85085 | Zot:5    | Noticed an orb of fire
 85118 | Zot:5    | Killed an orb of fire
 86126 | Slime:1  | Entered Level 1 of the Pits of Slime
 88342 | Slime:5  | Entered Level 5 of the Pits of Slime
 88556 | Slime:5  | Noticed prestonbroadus's ghost (veteran FoNe)
 88575 | Slime:5  | Noticed the Royal Jelly
 89236 | Slime:5  | Killed prestonbroadus's ghost
 89526 | Slime:5  | Killed the Royal Jelly
 90133 | Slime:5  | Got a scintillating iron ring
 90134 | Slime:5  | Identified the ring of the Shrike {rCorr *Corrode rElec rF+} (You found it on level 5 of the Pits of Slime)
 90136 | Slime:5  | Got a slimy rune of Zot
 90499 | Lair:6   | Killed psellion's ghost
 90831 | Depths:1 | Voluntarily entered the Abyss.
 90831 | Abyss:1  | Found a corrupted altar of Lugonu.
 91095 | Abyss:3  | Found a corrupted altar of Lugonu.
 91145 | Abyss:3  | Got a glittering jade ring
 91286 | Abyss:3  | Got a sparkling steel ring
 91553 | Abyss:3  | Identified the ring "Poveel" {rN+ MP+9} (You found it on level 3 of the Abyss)
 91556 | Abyss:3  | Identified the ring of Xytipraira {rCorr +Fly rC- Str-3 Slay+5} (You found it on level 3 of the Abyss)
 91946 | Abyss:3  | Found a corrupted altar of Lugonu.
 92389 | Abyss:3  | Paralysed by accursed screaming for 1 turns
 92409 | Abyss:3  | Paralysed by accursed screaming for 1 turns
 92422 | Abyss:3  | Paralysed by accursed screaming for 1 turns
 92428 | Abyss:3  | Paralysed by accursed screaming for 1 turns
 92579 | Abyss:3  | Found a corrupted altar of Lugonu.
 92821 | Abyss:3  | Found a corrupted altar of Lugonu.
 92854 | Abyss:3  | Found a corrupted altar of Lugonu.
 92860 | Abyss:3  | Found a corrupted altar of Lugonu.
 93095 | Abyss:3  | Paralysed by accursed screaming for 1 turns
 93172 | Abyss:3  | Upgraded the game from 0.22-a0-407-gb098539 to 0.22-a0-409-gb855193
 93273 | Abyss:3  | Reached skill level 1 in Earth Magic
 93543 | Abyss:3  | Paralysed by you for 4 turns
 93708 | Abyss:3  | Paralysed by accursed screaming for 1 turns
 93740 | Abyss:3  | Reached skill level 5 in Earth Magic
 94435 | Abyss:3  | Found a corrupted altar of Lugonu.
 94617 | Abyss:3  | Upgraded the game from 0.22-a0-409-gb855193 to 0.22-a0-410-g97be04f
 94709 | Abyss:3  | Reached skill level 1 in Shields
 94748 | Abyss:3  | Reached skill level 10 in Earth Magic
 94762 | Abyss:3  | Paralysed by accursed screaming for 1 turns
 94929 | Depths:1 | Escaped the Abyss
 95322 | Zig:1    | Entered Level 1 of a ziggurat
 95347 | Zig:2    | Entered Level 2 of a ziggurat
 95376 | Zig:3    | Entered Level 3 of a ziggurat
 95667 | Zig:4    | Entered Level 4 of a ziggurat
 95744 | Zig:5    | Entered Level 5 of a ziggurat
 95794 | Zig:5    | Reached skill level 5 in Shields
 95857 | Zig:6    | Entered Level 6 of a ziggurat
 96231 | Zig:7    | Entered Level 7 of a ziggurat
 96234 | Zig:7    | Noticed Qorch the pandemonium lord
 96259 | Zig:7    | Killed Qorch the pandemonium lord
 96579 | Zig:8    | Entered Level 8 of a ziggurat
 96883 | Zig:9    | Entered Level 9 of a ziggurat
 97330 | Zig:10   | Entered Level 10 of a ziggurat
 97349 | Zig:10   | Noticed a greater mummy
 97361 | Zig:10   | Noticed a greater mummy
 97363 | Zig:10   | Noticed a greater mummy
 97363 | Zig:10   | Killed a greater mummy
 97379 | Zig:10   | Killed a greater mummy
 97432 | Zig:10   | Killed a greater mummy
 97432 | Zig:10   | Reached skill level 10 in Shields
 97993 | Zig:11   | Entered Level 11 of a ziggurat
 98137 | Zig:11   | Identified the ring "Ceudealo" {rC- rN+ Str+5} (You found it on level 11 of a ziggurat)
 98142 | Zig:11   | Identified the ring of Keul {rPois rF- rC+ Slay+5 Stlth+} (You found it on level 11 of a ziggurat)
 98150 | Zig:12   | Entered Level 12 of a ziggurat
 98281 | Zig:12   | Identified the cursed +1 whip of Valour {pain, +Inv rElec} (You found it on level 12 of a ziggurat)
 98422 | Zig:13   | Entered Level 13 of a ziggurat
 98461 | Zig:13   | Paralysed by a floating eye for 3 turns
 98700 | Zig:14   | Entered Level 14 of a ziggurat
 98891 | Zig:14   | Identified the Handbook of the Escort
 98926 | Zig:14   | Identified the ring "Hiojis" {rElec Dex+2 Stlth+} (You found it on level 14 of a ziggurat)
 99148 | Zig:15   | Entered Level 15 of a ziggurat
 99167 | Zig:15   | Noticed Plog the pandemonium lord
 99173 | Zig:15   | Noticed Sitoaled the pandemonium lord
 99183 | Zig:15   | Noticed Akam the pandemonium lord
 99194 | Zig:15   | Paralysed by Plog for 6 turns
 99199 | Zig:15   | HP: 10/228 [Plog the pandemonium lord (5)]
 99203 | Zig:15   | Mangled by Plog the pandemonium lord

Vault maps used:
D:1:      sevenhm_arrival_forest_fort_large_4
D:2:      lemuel_crystal_altar, nicolae_dithmenos_through_a_glass_darkly,
          uniq_jessica, uniq_terence, uniq_crazy_yiuf_cottage
D:3:      kennysheep_slug_shrine, ashenzari_conservatory_becter,
          patterned_corridor
D:4:      minmay_temple_entry_hall, first_ration
D:5:      zin_statuary, xom_confusion_cloud
D:6:      nicolae_qazlal_style_of_elements, uniq_eustachio, uniq_prince_ribbit1,
          uniq_grinder
D:7:      nicolae_gozag_zags_fifth_avenue, serial_shops, shop,
          vehumet_altar_wand_db
D:8:      lemuel_doored_altar, gammafunk_temple_overflow_statue, serial_shops,
          kennysheep_mini_moat
D:9:      minmay_the_grid_triangle_9x9_recursive_2, lemuel_round_altar,
          lemuel_zombie_altar_yredelemnul, david_lair_shrubbed
D:10:     lemuel_bear_cage, serial_shops, shop, david_nohive_1
D:11:     serial_shops, shop
D:12:     orc_0_dummy, kb_tengu_band, uniq_psyche, uniq_azrael
D:13:     minmay_ambush_box, basic_altar, enter_bailey_3, serial_shops,
          bzr_entry_water, uniq_nessos
D:14:     lightli_vaults_fourway_checkpoint, serial_park_paths, enter_trove_0,
          hex_tiny, lemuel_angel_altar
D:15:     hangedman_depths_entry_try_elsewhere_first, fedhas_altar_4
Temple:   cyrus_temple_forest
Lair:1:   grunt_megastairs_3, serial_bayou_shore_b
Lair:2:   minmay_shoals_entry_lonely_mermaid, serial_bayou_pond_e, minmay_holes
Lair:3:   nicolae_quartered_pool_medium
Lair:4:   dummy_spider_entry, small_statue_intersection, grunt_megastairs_1
Lair:5:   basic_altar, kennysheep_rathole
Lair:6:   hangedman_lair_tendril_chambers, minmay_slime_entry_pillars,
          lemuel_centaur_altar, minmay_lair_oklob_chamber
Shoals:3: gammafunk_its_a_trap, nicolae_shoals_flooded_hall
Shoals:4: shoals_end_grunt_ice, shoals_ilsuiw_ice,
          portal_ice_cave_entry_pillars_1, yaktaur_hedge
Spider:1: uniq_kirke
Spider:3: hangedman_spider_tarantella_strand, uniq_bai_suzhen
Spider:4: spider_rune_water, uniq_arachne
Slime:1:  cheibrodos_slime_lost_civilization_1,
          cheibrodos_slime_lost_civilization_6
Slime:2:  cheibrodos_slime_lost_civilization_5
Slime:3:  cheibrodos_slime_lost_civilization_7
Orc:1:    minmay_orc_temple_a
Orc:2:    st_orc_rangers
Elf:1:    eino_elf_arrival_the_gate, kennysheep_underground_church, uniq_nikola,
          uniq_frances
Elf:2:    st_stairs_8, basic_stair_grate_trap
Elf:3:    elf_hall, special_room, uniq_louise
Vaults:1: v_misc_2, v_misc_3, ontoclasm_vaults_ring_square, v_misc_27,
          v_pattern_4, v_misc_8, grunt_vaults_hallway_short, uniq_asterion
Vaults:2: grunt_vaults_bifocal, st_cells, hangedman_vaults_variations,
          v_misc_12, hangedman_vaults_restitches, grunt_vaults_hallway_short,
          dpeg_vaults_monster_box, uniq_sojobo, uniq_jory
Vaults:3: v_misc_23, nicolae_vaults_quartermaster,
          minmay_crypt_entry_simple_statues, nicolae_vaults_mini_display_case,
          vaults_standard_mumra_lines, ontoclasm_vaults_fault, v_misc_3,
          vaults_dpeg_diagonal, hangedman_vaults_maws,
          nicolae_vaults_three_branches, nicolae_vaults_specimen_jars,
          serial_shops, shop_statue
Vaults:4: ontoclasm_vaults_eye, v_pattern_2, nicolae_vaults_big_ls,
          grunt_vaults_swirl, vaults_mumra_chevron_long, v_misc_4,
          ontoclasm_vaults_gateway, hangedman_vaults_river_flow,
          nicolae_vaults_an_arrangement, serial_ice_b, vaults_room_pool,
          v_misc_8, uniq_mara
Crypt:1:  grunt_ministairs_7, minicrypt_bobbens,
          grunt_crypt_arrival_guarded_gate
Crypt:2:  basic_altar, hex_large
Crypt:3:  cryptofortress_bobbens
Depths:1: grunt_hell_entry_dis_grunt, nicolae_abyss_entry_one_way_or_another,
          serial_curves, eino_curves_04, eino_curves_01, eino_curves_03,
          eino_curves_04, rand_demon_pan_entry_3, minmay_misc_feat_chi
Depths:2: minmay_crescents, minmay_misc_feat_square, lightli_too_deep,
          minmay_shop_grove
Depths:3: hangedman_spin_cycle, pan_entry, hell_entry, abyss_entry, serial_shops
Depths:4: gammafunk_sealed_arena, enter_ziggurat_f, pf_coc_iceberg,
          special_room, abyss_entry, minmay_misc_feat_tiny,
          serial_bayou_shore_a, infiniplex_staircase_zigzag_2, firewood_loft
Depths:5: grunt_zot_entry_tricorne, hangedman_decor_diamond_cutter, hell_entry,
          uniq_mennas
Zot:1:    zot_minivault_8
Zot:2:    st_stairs_13, hangedman_zot_decor_scrapings, zot_minivault_1
Zot:3:    minmay_elemental_castle, zot_minivault_6
Abyss:3:  hangedman_eye_storm, hangedman_stitches_earthworm
Zig:6:    ziggurat_pillar_centre_smoke
Zig:10:   ziggurat_pillar_centre_oklobs
Zig:14:   ziggurat_pillar_centre_dead_trees
Bazaar:   bazaar_mystics
Bailey:   bailey_polearm_flooded_kennysheep, bailey
IceCv:    ice_cave_caverns_01

Skill      XL: |  1  2  3  4  5  6  7  8  9 10 11 12 13 14 15 16 17 18 19 20 21 22 23 24 25 26 27 |
---------------+----------------------------------------------------------------------------------+-----
Staves         | 3 4 5 6 8 9 11 12 13 14 18 | 18.1
Fighting       | 3 4 5 6 7 9 11 12 14 15 17 18 19 20 21 | 21.0
Evocations     | 1 3 5 6 8 9 10 12 | 12.0
Armour         | 4 7 10 12 13 14 15 16 17 19 20 | 20.3
Dodging        | 4 7 9 11 12 14 16 18 20 | 20.0
Translocations | 6 13 15 17 | 17.2
Spellcasting   | 10 | 10.0
Hexes          | 4 8 |  8.0
Charms         | 6 11 | 11.0
Necromancy     | 4 19 | 19.6
Air Magic      | 3 |  3.0
Earth Magic    | 10 | 10.0
Shields        | 12 | 12.9
Throwing       | |  1.5

Action                   |  1- 3 |  4- 6 |  7- 9 | 10-12 | 13-15 | 16-18 | 19-21 | 22-24 | 25-27 || total
-------------------------+-------+-------+-------+-------+-------+-------+-------+-------+-------++-------
Melee: Quarterstaff      |    96 |   183 |   238 |   693 |   687 |       |       |       |       ||  1897
       Lajatang          |       |       |       |       |  1386 |  2159 |  2163 |  2998 |  7659 || 16365
Throw: Throwing net      |       |       |       |     4 |       |       |       |       |       ||     4
 Cast: Lesser Beckoning  |       |       |       |       |       |       |       |       |    13 ||    13
       Blink             |       |       |       |       |       |       |       |       |     7 ||     7
       Song of Slaying   |       |       |       |       |       |       |       |       |    16 ||    16
       Spectral Weapon   |       |       |       |       |       |       |       |       |     4 ||     4
       Animate Dead      |       |       |       |       |       |       |       |       |     1 ||     1
Invok: Potion Petition   |       |       |       |     5 |     4 |     8 |     2 |     5 |    35 ||    59
       Call Merchant     |       |       |       |       |       |     2 |     1 |     3 |     1 ||     7
 Abil: Evoke Flight      |       |       |       |       |     5 |       |       |       |     4 ||     9
       Stop Flying       |       |       |       |       |     2 |       |       |       |       ||     2
       Evoke Invisibilit |       |       |       |       |       |       |       |       |     8 ||     8
Evoke: Wand              |       |       |     3 |    52 |    15 |    70 |     8 |     8 |    50 ||   206
       Lamp of fire      |       |       |       |     1 |     3 |     4 |     1 |     1 |     1 ||    11
       Box of beasts     |       |       |       |       |     2 |       |     1 |       |     4 ||     7
       Fan of gales      |       |       |       |       |     1 |     1 |       |       |     2 ||     4
       Phantom mirror    |       |       |       |       |     1 |       |       |       |       ||     1
       Phial of floods   |       |       |       |       |       |       |     1 |     1 |     1 ||     3
       Sack of spiders   |       |       |       |       |       |       |       |       |     7 ||     7
  Use: Scroll            |       |     7 |     4 |     9 |    23 |    15 |     8 |    27 |    32 ||   125
 Stab: Paralysed         |       |     2 |     3 |     3 |     3 |     3 |     2 |       |       ||    16
       Petrified         |       |     1 |       |     1 |       |       |       |       |       ||     2
       Petrifying        |       |       |     2 |     3 |     2 |       |       |       |       ||     7
       Confused          |       |       |     1 |     3 |     5 |       |       |       |     2 ||    11
       Distracted        |       |       |       |     5 |    12 |     5 |    14 |    23 |    52 ||   111
       Invisible         |       |       |       |       |       |     2 |       |       |    38 ||    40
Armor: Leather armour    |     5 |       |       |       |       |       |       |       |       ||     5
       Chain mail        |    46 |   137 |   138 |   346 |  1004 |       |       |       |       ||  1671
       Crystal plate arm |       |       |       |       |   688 |  2738 |  1572 |  2354 |  5656 || 13008
Dodge: Dodged            |    47 |    94 |    69 |   205 |   725 |   976 |   900 |  2090 |  7544 || 12650
       Deflected         |       |       |       |       |       |       |       |     2 |   193 ||   195

Table legend:
 A = Spawn XP
 B = Non-spawn XP
 C = Spawn XP percentage of total XP
 D = Spawn monster count
 E = Non-spawn monster count
 F = Spawn count percentage of total count
 G = Total turns spent on level
                    A         B        C        D         E        F      G
               +---------+---------+-------+---------+---------+-------+---------
         Total |  189330 | 2308348 |   7.6 |     324 |    3243 |   9.1 | 99203
               +---------+---------+-------+---------+---------+-------+---------
           D:1 |       0 |      37 |   0.0 |       0 |      21 |   0.0 |  1079
           D:2 |       0 |     170 |   0.0 |       0 |      31 |   0.0 |  1213
           D:3 |       0 |     100 |   0.0 |       0 |      21 |   0.0 |   725
           D:4 |       0 |     356 |   0.0 |       0 |      12 |   0.0 |   645
           D:5 |       0 |     715 |   0.0 |       0 |      27 |   0.0 |   653
           D:6 |       0 |    1155 |   0.0 |       0 |      14 |   0.0 |  1408
           D:7 |       0 |    1353 |   0.0 |       0 |      33 |   0.0 |   770
           D:8 |       0 |    2930 |   0.0 |       0 |      23 |   0.0 |   953
           D:9 |       0 |    9939 |   0.0 |       0 |      54 |   0.0 |  3364
          D:10 |       0 |    7574 |   0.0 |       0 |      65 |   0.0 |  1094
          D:11 |       0 |    5891 |   0.0 |       0 |      40 |   0.0 |   838
          D:12 |       0 |    6911 |   0.0 |       0 |      38 |   0.0 |  1686
          D:13 |       0 |   10770 |   0.0 |       0 |      35 |   0.0 |  1785
          D:14 |       0 |   16863 |   0.0 |       0 |      46 |   0.0 |  1905
          D:15 |       0 |   14711 |   0.0 |       0 |      35 |   0.0 |  1250
        Lair:1 |       0 |    4101 |   0.0 |       0 |      13 |   0.0 |  1462
        Lair:2 |       0 |    6127 |   0.0 |       0 |      19 |   0.0 |  1230
        Lair:3 |       0 |    4477 |   0.0 |       0 |      20 |   0.0 |  1916
        Lair:4 |       0 |   10235 |   0.0 |       0 |      45 |   0.0 |  3119
        Lair:5 |       0 |    9736 |   0.0 |       0 |      56 |   0.0 |  2914
        Lair:6 |       0 |   21525 |   0.0 |       0 |      66 |   0.0 |  2965
      Shoals:1 |       0 |    8728 |   0.0 |       0 |      16 |   0.0 |   573
      Shoals:2 |       0 |   11957 |   0.0 |       0 |      24 |   0.0 |   668
      Shoals:3 |       0 |   32376 |   0.0 |       0 |      59 |   0.0 |  1775
      Shoals:4 |       0 |   21595 |   0.0 |       0 |      38 |   0.0 |  1399
      Spider:1 |       0 |   19107 |   0.0 |       0 |      53 |   0.0 |  1421
      Spider:2 |       0 |   12779 |   0.0 |       0 |      34 |   0.0 |   916
      Spider:3 |       0 |   14796 |   0.0 |       0 |      48 |   0.0 |  2069
      Spider:4 |       0 |   45742 |   0.0 |       0 |      99 |   0.0 |  1852
       Slime:1 |       0 |    7676 |   0.0 |       0 |      14 |   0.0 |   585
       Slime:2 |       0 |   14522 |   0.0 |       0 |      24 |   0.0 |   309
       Slime:3 |       0 |   25237 |   0.0 |       0 |      45 |   0.0 |   901
       Slime:4 |       0 |   21193 |   0.0 |       0 |      30 |   0.0 |  1512
       Slime:5 |       0 |   33096 |   0.0 |       0 |      17 |   0.0 |   965
         Orc:1 |       0 |    3545 |   0.0 |       0 |      40 |   0.0 |   595
         Orc:2 |       0 |    6326 |   0.0 |       0 |      65 |   0.0 |   966
         Elf:1 |       0 |   26350 |   0.0 |       0 |      39 |   0.0 |  1158
         Elf:2 |       0 |   44834 |   0.0 |       0 |      64 |   0.0 |  1422
         Elf:3 |       0 |   86340 |   0.0 |       0 |      88 |   0.0 |  1787
      Vaults:1 |       0 |   55639 |   0.0 |       0 |      89 |   0.0 |  2046
      Vaults:2 |       0 |   68305 |   0.0 |       0 |      98 |   0.0 |  2166
      Vaults:3 |       0 |   79771 |   0.0 |       0 |     119 |   0.0 |  2442
      Vaults:4 |       0 |   77848 |   0.0 |       0 |      82 |   0.0 |  2040
      Vaults:5 |       0 |  136036 |   0.0 |       0 |      99 |   0.0 |  1631
       Crypt:1 |       0 |   30186 |   0.0 |       0 |      61 |   0.0 |  2124
       Crypt:2 |       0 |   33143 |   0.0 |       0 |      46 |   0.0 |  1053
       Crypt:3 |       0 |   62814 |   0.0 |       0 |      79 |   0.0 |  1592
      Depths:1 |       0 |   23213 |   0.0 |       0 |      35 |   0.0 |  1634
      Depths:2 |       0 |   69663 |   0.0 |       0 |      60 |   0.0 |  1808
      Depths:3 |       0 |   91961 |   0.0 |       0 |      96 |   0.0 |  2241
      Depths:4 |       0 |   87536 |   0.0 |       0 |      83 |   0.0 |  1937
      Depths:5 |       0 |   49362 |   0.0 |       0 |      44 |   0.0 |  1869
         Zot:1 |       0 |  122055 |   0.0 |       0 |      71 |   0.0 |  2238
         Zot:2 |       0 |   87770 |   0.0 |       0 |      54 |   0.0 |  1266
         Zot:3 |       0 |   85168 |   0.0 |       0 |      54 |   0.0 |  2150
         Zot:4 |       0 |   99926 |   0.0 |       0 |      58 |   0.0 |  1551
         Zot:5 |       0 |  237735 |   0.0 |       0 |      84 |   0.0 |  2862
       Abyss:1 |    2073 |       0 | 100.0 |      10 |       0 | 100.0 |   128
       Abyss:2 |    1322 |       0 | 100.0 |       3 |       0 | 100.0 |   136
       Abyss:3 |  185935 |   52996 |  77.8 |     311 |     150 |  67.5 |  3834
         Zig:1 |       0 |    1145 |   0.0 |       0 |       3 |   0.0 |    25
         Zig:2 |       0 |    2302 |   0.0 |       0 |       3 |   0.0 |    29
         Zig:3 |       0 |    1963 |   0.0 |       0 |       7 |   0.0 |   291
         Zig:4 |       0 |    3712 |   0.0 |       0 |       5 |   0.0 |    77
         Zig:5 |       0 |    4578 |   0.0 |       0 |       6 |   0.0 |   113
         Zig:6 |       0 |    5118 |   0.0 |       0 |      13 |   0.0 |   374
         Zig:7 |       0 |    7677 |   0.0 |       0 |       7 |   0.0 |   348
         Zig:8 |       0 |   16290 |   0.0 |       0 |       9 |   0.0 |   304
         Zig:9 |       0 |   22901 |   0.0 |       0 |      12 |   0.0 |   447
        Zig:10 |       0 |   30146 |   0.0 |       0 |      27 |   0.0 |   663
        Zig:11 |       0 |   18556 |   0.0 |       0 |      16 |   0.0 |   157
        Zig:12 |       0 |   10134 |   0.0 |       0 |      16 |   0.0 |   272
        Zig:13 |       0 |   20963 |   0.0 |       0 |      21 |   0.0 |   278
        Zig:14 |       0 |   26351 |   0.0 |       0 |      27 |   0.0 |   448
        Bailey |       0 |    2314 |   0.0 |       0 |      39 |   0.0 |   743
         IceCv |       0 |   11196 |   0.0 |       0 |      59 |   0.0 |  1617
               +---------+---------+-------+---------+---------+-------+---------
